 Dungeon Crawl Stone Soup version 0.29.1-1-gd02db6906a (webtiles) character file.

Game seed: 1960549571354714700

2464 Earthwalker the Shield-Bearer (level 9, -6/80 HPs)
             Began as a Minotaur Fighter on Oct 14, 2022.
             Mangled by Menkaure (16 damage)
             ... on level 7 of the Dungeon.
             The game lasted 00:14:02 (6916 turns).

Earthwalker the Shield-Bearer (Minotaur Fighter)    Turns: 6916, Time: 00:14:02

Health: -6/80      AC: 14    Str: 25    XL:     9   Next: 26%
Magic:  8/8        EV: 11    Int: 11    God:
Gold:   1226       SH:  5    Dex: 10    Spells: 8/8 levels left

rFire   . . .      SeeInvis .   a - +0 war axe
rCold   . . .      Faith    .   c - +0 buckler
rNeg    . . .      Spirit   .   b - +0 scale mail
rPois   .          Reflect  .   (helmet restricted)
rElec   .          Harm     .   x - +2 cloak
rCorr   +          Rampage  .   g - +2 pair of gloves
Will    .....                   (no boots)
Stlth   ..........              (no amulet)
HPRegen 0.23/turn               n - +6 ring of intelligence
MPRegen 0.11/turn               q - ring of resist corrosion

@: no status effects
A: horns 2, retaliatory headbutt
a: no special abilities


You were on level 7 of the Dungeon.
You visited 1 branch of the dungeon, and saw 7 of its levels.

You collected 1226 gold pieces.

Inventory:

Hand Weapons
 a - a +0 war axe (weapon)
 s - a -2 executioner's axe of freezing
Armour
 b - a +0 scale mail (worn)
 c - a +0 buckler (worn)
 g - a +2 pair of gloves (worn)
 x - a +2 cloak (worn)
Jewellery
 n - a +6 ring of intelligence (left hand)
 q - a ring of resist corrosion (right hand)
Wands
 r - a wand of charming (6)
 v - a wand of roots (8)
 w - a wand of flame (6)
Scrolls
 e - 3 scrolls of magic mapping
 o - a scroll of teleportation
 p - a scroll of amnesia
 t - 2 scrolls of torment
 u - a scroll of immolation
 y - a scroll of noise {unknown}
 A - a scroll of identify
Potions
 d - 5 potions of might
 f - 6 potions of curing
 h - a potion of haste
 i - 3 potions of flight
 j - 2 potions of brilliance {unknown}
 k - a potion of degeneration {unknown}
 l - a potion of lignification {unknown}
 m - 3 potions of heal wounds {unknown}
 z - a potion of attraction {unknown}


   Skills:
 * Level 7.6 Fighting
 * Level 7.1 Axes
 * Level 7.6 Armour
 * Level 5.9 Dodging
 * Level 7.7 Shields


You had 8 spell levels left.
You didn't know any spells.
Your spell library contained the following spells:

 Spells                   Type           Power      Damage    Failure   Level
 Freeze                   Ice            0%         1d3       67%         1
 Summon Small Mammal      Summ           0%         N/A       67%         1
 Call Canine Familiar     Summ           0%         N/A       96%         3
 Frozen Ramparts          Ice            0%         1d1       96%         3
 Summon Guardian Golem    Hex/Summ       0%         N/A       96%         3
 Hailstorm                Conj/Ice       0%         3d3       100%        4


Dungeon Overview and Level Annotations

Branches:
Dungeon (7/15)
 Temple: D:4-7

Altars:

Shops:
D:1 (   D:2 [

Annotations:
D:6 1 transporter
D:7 Menkaure


Innate Abilities, Weirdness & Mutations

You have a pair of horns on your head.
You reflexively headbutt those who attack you in melee.


Message History

The iguana hisses angrily.
You hit Menkaure. Your headbutt misses Menkaure.
Menkaure is moderately damaged.
You slash Duvessa! Duvessa barely misses you. You furiously retaliate!
You headbutt Duvessa, but do no damage.
Menkaure calls on the powers of darkness!
Your body is wracked with pain!
* * * LOW HITPOINT WARNING * * *
Duvessa convulses!
The iguana convulses!
You hit Menkaure but do no damage.
Menkaure is moderately damaged.
You slash Duvessa! Duvessa barely misses you. You furiously retaliate!
You headbutt Duvessa, but do no damage. Menkaure closely misses you.
Duvessa hits you with a +0 short sword.
* * * LOW HITPOINT WARNING * * *
Menkaure points at you and mumbles some strange words.
You struggle to resist.
You hit Menkaure but do no damage.
Menkaure is moderately damaged.
You hit Duvessa but do no damage. Duvessa barely misses you.
You furiously retaliate!
You headbutt Duvessa. Menkaure hits you.
* * * LOW HITPOINT WARNING * * *
Duvessa closely misses you. You furiously retaliate!
You headbutt Duvessa.
You kill Duvessa!
You block Menkaure's attack.
There is a stone staircase leading down here.
You can't go up here!
Menkaure hits you but does no damage.
You climb downwards.
There is a stone staircase leading up here.
You slash Menkaure!
Menkaure is heavily damaged.
Menkaure closely misses you. You furiously retaliate!
You headbutt Menkaure.
Menkaure calls on the powers of darkness!
Your body is wracked with pain!
* * * LOW HITPOINT WARNING * * *
You hit Menkaure.
Menkaure is severely damaged.
Menkaure hits you!
You die...

...#.#
..#.
..#.
...
#..
#.#
#M#
#@#
###


You could see Menkaure (fast).

Vanquished Creatures
  Pikel (D:4)
  Sigmund (D:4)
  A wraith (D:5)
  Edmund (D:3)
  Duvessa (D:6)
  3 black bears (D:5)
  3 lemures (D:4)
  A necrophage (D:4)
  8 scorpions
  Dowan (D:6)
  A howler monkey (D:6)
  A hound (D:4)
  3 gnoll boudas
  2 jellies
  Jessica (D:3)
  Ijyb (D:4)
  An iguana (D:4)
  Robin (D:4)
  15 gnolls
  7 adders
  A shadow imp (D:5)
  2 ufetubi (D:5)
  A dart slug (D:3)
  12 orcs
  2 ball pythons
  6 endoplasms
  2 giant cockroaches
  18 goblins
  8 hobgoblins
  7 jackals
  6 quokkas
  17 bats
  3 frilled lizards
  5 kobolds
  2 rats (D:3)
146 creatures vanquished.

Vanquished Creatures (others)
  4 fungi (D:6)
  A plant (D:6)
5 creatures vanquished.

Grand Total: 151 creatures vanquished

Notes
Turn   | Place    | Note
-------+----------+-------------------------------------------
     0 | D:1      | Earthwalker the Minotaur Fighter began the quest for the
                  | Orb.
     0 | D:1      | Reached XP level 1. HP: 19/19 MP: 0/0
    66 | D:1      | Found Ephiuwna's Antique Weapon Emporium.
   368 | D:1      | Reached XP level 2. HP: 27/27 MP: 1/1
  1123 | D:2      | Reached skill level 1 in Dodging
  1248 | D:2      | Found Jeigga's Antique Armour Emporium.
  1254 | D:2      | Reached XP level 3. HP: 33/33 MP: 2/2
  1641 | D:3      | Noticed Jessica
  1655 | D:3      | Killed Jessica
  1689 | D:3      | Reached XP level 4. HP: 40/40 MP: 3/3
  2546 | D:4      | Reached XP level 5. HP: 44/47 MP: 4/4
  2756 | D:4      | Noticed Edmund
  2808 | D:3      | Killed Edmund
  2809 | D:3      | Reached skill level 5 in Shields
  2809 | D:3      | Reached XP level 6. HP: 6/55 MP: 5/5
  3093 | D:4      | Reached skill level 5 in Fighting
  3093 | D:4      | Reached skill level 5 in Armour
  3270 | D:4      | Noticed Pikel
  3300 | D:4      | Killed Pikel
  3301 | D:4      | Reached skill level 5 in Axes
  3301 | D:4      | Reached XP level 7. HP: 18/62 MP: 6/6
  3535 | D:4      | Noticed Ijyb
  3584 | D:4      | Killed Ijyb
  3861 | D:4      | Identified a scroll of acquirement
  3861 | D:4      | Acquired 877 gold pieces
  3935 | D:4      | Noticed Sigmund
  3939 | D:5      | Entered Level 5 of the Dungeon
  4201 | D:4      | Reached XP level 8. HP: 64/70 MP: 7/7
  4529 | D:4      | Noticed Robin
  4548 | D:4      | Killed Robin
  5082 | D:4      | Killed Sigmund
  5723 | D:5      | Reached skill level 5 in Dodging
  6449 | D:5      | Reached XP level 9. HP: 74/79 MP: 8/8
  6686 | D:6      | Found a transporter.
  6867 | D:6      | Noticed Dowan
  6885 | D:6      | Killed Dowan
  6897 | D:6      | Noticed Duvessa
  6902 | D:6      | Noticed Menkaure
  6911 | D:6      | Killed Duvessa
  6916 | D:7      | Mangled by Menkaure

Illustrated notes

Levels and vault maps discovered:
D:1:      wander_arrival_lonely_grave, layout_basic, serial_shops, shop,
          chequers_serial_rivers_large_b
D:2:      layout_rooms, serial_shops, nicolae_shop_overgrown_old_shop
D:3:      minmay_angry_zag, layout_basic, st_stairs_2, uniq_jessica
D:4:      layout_layer_cave, uniq_pikel, uniq_edmund, uniq_ijyb, uniq_robin,
          uniq_sigmund
D:5:      layout_gridville
D:6:      old_forge, layout_basic, regret_index_temple_of_mockery,
          overflow_temple_1_default, gammafunk_ghost_abyssal_escape,
          serial_rivers, chequers_serial_rivers_micro_d,
          chequers_serial_rivers_micro_d, chequers_serial_rivers_micro_a,
          chequers_serial_rivers_large_a, uniq_duvessa, uniq_menkaure,
          uniq_crazy_yiuf_cottage
D:7:      layout_basic, temple_pool_b, abandoned_shop, grunt_ministairs_4,
          nicolae_grassy_gnolls, uniq_prince_ribbit1

Skill      XL: |  1  2  3  4  5  6  7  8  9 |
---------------+----------------------------+-----
Dodging        | 1 2 4 5 |  5.9
Fighting       | 4 5 6 7 |  7.6
Shields        | 4 5 6 7 |  7.7
Axes           | 3 4 5 6 7 |  7.1
Armour         | 4 5 6 7 |  7.6

Action                   |  1- 3 |  4- 6 |  7- 9 || total
-------------------------+-------+-------+-------++-------
Melee: War axe           |    61 |    88 |   246 ||   395
       Headbutt          |     9 |    16 |    39 ||    64
  Use: Scroll            |     3 |       |     9 ||    12
Armor: Scale mail        |    40 |    44 |   139 ||   223
Dodge: Dodged            |    18 |    41 |   139 ||   198
Block: Buckler           |    15 |    18 |    59 ||    92
